Workbook
Name Employees: تسجيل!$H$5:$H$14
Name pay: تسجيل!$L$5:$L$8
Name projects: تسجيل!$B$5:$B$105
Name supp: تسجيل!$J$5:$J$25

Sheet Home
C4: =TODAY() -> 45910
B11: Powered by : Ayhamento

Sheet تسجيل
B4: المشاريع - Projects | D4: قيمة المشروع | F4: حالة المشروع | H4: الموظفين والعمال | J4: الموردين | L4: طريقة الدفع | AC4: ="B"&SUM(AC5:AC1000)+1 -> B16
H5: منير | J5: محل النهضة - نايف | L5: نقدي
A6: 1 | B6: كراج أبو فلان - كاميرات | D6: 5000 | F6: Done | H6: محمد | J6: محل السلام - الشارقة | L6: آجل | AC6: =IF(B7="",IF(B6="","",ROW()),"")
A7: =A6+1 -> 2 | B7: مطعم الصفدي - كاميرات | D7: 12000 | F7: مستمر | H7: ناجي | J7: كهربائيات العتمة | L7: سلفة | AC7: =IF(B8="",IF(B7="","",ROW()),"")
A8: =A7+1 -> 3 | B8: المركز الطبي | D8: 3500 | F8: Done | H8: وسيم | J8: أبو بكر للتوريدات | AC8: =IF(B9="",IF(B8="","",ROW()),"")
A9: =A8+1 -> 4 | B9: بناية النهضة | D9: 1200 | F9: =IF(B9="","","مستمر") -> مستمر | AC9: =IF(B10="",IF(B9="","",ROW()),"")
A10: =A9+1 -> 5 | B10: النور - فرع 1 | D10: 4000 | F10: Done | AC10: =IF(B11="",IF(B10="","",ROW()),"")
A11: =A10+1 -> 6 | B11: النور - فرع 2 | D11: 2500 | F11: =IF(B11="","","مستمر") -> مستمر | AC11: =IF(B12="",IF(B11="","",ROW()),"")
A12: =A11+1 -> 7 | B12: فيلا أبو فلان - العين | D12: 8000 | F12: =IF(B12="","","مستمر") -> مستمر | AC12: =IF(B13="",IF(B12="","",ROW()),"")
A13: =A12+1 -> 8 | B13: كراج س - صناعية العين | D13: 4300 | F13: Done | AC13: =IF(B14="",IF(B13="","",ROW()),"")
A14: =A13+1 -> 9 | B14: تجديد فيلا الآنسة ميمي | D14: 12000 | F14: =IF(B14="","","مستمر") -> مستمر | AC14: =IF(B15="",IF(B14="","",ROW()),"")
A15: =A14+1 -> 10 | B15: كراج س - صناعية العين - تركيب أبواب جديدة | D15: 800 | F15: =IF(B15="","","مستمر") -> مستمر | AC15: =IF(B16="",IF(B15="","",ROW()),"") -> 15
A16: =A15+1 -> 11 | F16: =IF(B16="","","مستمر") | AC16: =IF(B17="",IF(B16="","",ROW()),"")
A17: =A16+1 -> 12 | F17: =IF(B17="","","مستمر") | AC17: =IF(B18="",IF(B17="","",ROW()),"")
A18: =A17+1 -> 13 | F18: =IF(B18="","","مستمر") | AC18: =IF(B19="",IF(B18="","",ROW()),"")
A19: =A18+1 -> 14 | F19: =IF(B19="","","مستمر") | AC19: =IF(B20="",IF(B19="","",ROW()),"")
A20: =A19+1 -> 15 | F20: =IF(B20="","","مستمر") | AC20: =IF(B21="",IF(B20="","",ROW()),"")
A21: =A20+1 -> 16 | F21: =IF(B21="","","مستمر") | AC21: =IF(B22="",IF(B21="","",ROW()),"")
A22: =A21+1 -> 17 | F22: =IF(B22="","","مستمر") | AC22: =IF(B23="",IF(B22="","",ROW()),"")
A23: =A22+1 -> 18 | F23: =IF(B23="","","مستمر") | AC23: =IF(B24="",IF(B23="","",ROW()),"")
A24: =A23+1 -> 19 | F24: =IF(B24="","","مستمر") | AC24: =IF(B25="",IF(B24="","",ROW()),"")
A25: =A24+1 -> 20 | F25: =IF(B25="","","مستمر") | AC25: =IF(B26="",IF(B25="","",ROW()),"")
A26: =A25+1 -> 21 | F26: =IF(B26="","","مستمر") | AC26: =IF(B27="",IF(B26="","",ROW()),"")
A27: =A26+1 -> 22 | F27: =IF(B27="","","مستمر") | AC27: =IF(B28="",IF(B27="","",ROW()),"")
... A105: =A104+1 -> 100 | F105: =IF(B105="","","مستمر") | AC105: =IF(B106="",IF(B105="","",ROW()),"")
A106: X | B106: X | C106: X | D106: X | E106: X | F106: X | G106: X | H106: X | I106: X | J106: X | K106: X | L106: X | M106: X | N106: X
AC107: =IF(B108="",IF(B107="","",ROW()),"")
AC108: =IF(B109="",IF(B108="","",ROW()),"")
AC109: =IF(B110="",IF(B109="","",ROW()),"")
AC110: =IF(B111="",IF(B110="","",ROW()),"")
AC111: =IF(B112="",IF(B111="","",ROW()),"")
AC112: =IF(B113="",IF(B112="","",ROW()),"")
AC113: =IF(B114="",IF(B113="","",ROW()),"")
AC114: =IF(B115="",IF(B114="","",ROW()),"")
AC115: =IF(B116="",IF(B115="","",ROW()),"")
AC116: =IF(B117="",IF(B116="","",ROW()),"")
AC117: =IF(B118="",IF(B117="","",ROW()),"")
AC118: =IF(B119="",IF(B118="","",ROW()),"")
... AC211: =IF(B212="",IF(B211="","",ROW()),"")

Sheet المصاريف-Expenses
B5: الشرح | C5: المشروع | E5: التاريخ | F5: العدد | G5: السعر المفرد | H5: السعر الإجمالي | J5: طريقة الدفع | K5: المورد / الموظف
A6: 1 | B6: شراء كاميرا عدد ٢ | C6: كراج أبو فلان - كاميرات | E6: 45658 | F6: 5 | G6: 100 | H6: =IF(G6="","",F6*G6) -> 500 | J6: نقدي | K6: =IF(J6="","",IF(J6="سلفة","اكتب إسم الموظف",IF(J6="آجل","اكتب إسم المورد",IF(J6="نقدي","-","")))) -> - | Z6: =H6 -> 500
A7: =A6+1 -> 2 | B7: شراء كاميرا عدد ٢ | C7: مطعم الصفدي - كاميرات | E7: 45691 | F7: 1 | G7: 800 | H7: =IF(G7="","",F7*G7) -> 800 | J7: آجل | K7: محل السلام - الشارقة | Z7: =H7 -> 800
A8: =A7+1 -> 3 | B8: شراء جهاز ... | C8: مطعم الصفدي - كاميرات | E8: 45693 | F8: 4 | G8: 500 | H8: =IF(G8="","",F8*G8) -> 2000 | J8: آجل | K8: أبو بكر للتوريدات | Z8: =H8 -> 2000
A9: =A8+1 -> 4 | B9: Cable 10 M | C9: النور - فرع 1 | E9: 45724 | F9: 1 | G9: 50 | H9: =IF(G9="","",F9*G9) -> 50 | J9: سلفة | K9: محمد | Z9: =H9 -> 50
A10: =A9+1 -> 5 | B10: مواد بناء وأضوية | C10: تجديد فيلا الآنسة ميمي | E10: 45728 | H10: 2000 | J10: آجل | K10: =IF(J10="","",IF(J10="سلفة","اكتب إسم الموظف",IF(J10="آجل","اكتب إسم المورد",IF(J10="نقدي","-","")))) -> اكتب إسم المورد | Z10: =H10 -> 2000
A11: =A10+1 -> 6 | B11: تمديدات كهربائية | C11: المركز الطبي | E11: 45748 | F11: 1 | G11: 400 | H11: =IF(G11="","",F11*G11) -> 400 | J11: سلفة | K11: =IF(J11="","",IF(J11="سلفة","اكتب إسم الموظف",IF(J11="آجل","اكتب إسم المورد",IF(J11="نقدي","-","")))) -> اكتب إسم الموظف | Z11: =H11 -> 400
A12: =A11+1 -> 7 | H12: =IF(G12="","",F12*G12) | J12: نقدي | K12: =IF(J12="","",IF(J12="سلفة","اكتب إسم الموظف",IF(J12="آجل","اكتب إسم المورد",IF(J12="نقدي","-","")))) -> - | Z12: =H12
A13: =A12+1 -> 8 | H13: =IF(G13="","",F13*G13) | K13: =IF(J13="","",IF(J13="سلفة","اكتب إسم الموظف",IF(J13="آجل","اكتب إسم المورد",IF(J13="نقدي","-","")))) | Z13: =H13
A14: =A13+1 -> 9 | H14: =IF(G14="","",F14*G14) | K14: =IF(J14="","",IF(J14="سلفة","اكتب إسم الموظف",IF(J14="آجل","اكتب إسم المورد",IF(J14="نقدي","-","")))) | Z14: =H14
A15: =A14+1 -> 10 | H15: =IF(G15="","",F15*G15) | K15: =IF(J15="","",IF(J15="سلفة","اكتب إسم الموظف",IF(J15="آجل","اكتب إسم المورد",IF(J15="نقدي","-","")))) | Z15: =H15
A16: =A15+1 -> 11 | H16: =IF(G16="","",F16*G16) | K16: =IF(J16="","",IF(J16="سلفة","اكتب إسم الموظف",IF(J16="آجل","اكتب إسم المورد",IF(J16="نقدي","-","")))) | Z16: =H16
A17: =A16+1 -> 12 | H17: =IF(G17="","",F17*G17) | K17: =IF(J17="","",IF(J17="سلفة","اكتب إسم الموظف",IF(J17="آجل","اكتب إسم المورد",IF(J17="نقدي","-","")))) | Z17: =H17
A18: =A17+1 -> 13 | H18: =IF(G18="","",F18*G18) | K18: =IF(J18="","",IF(J18="سلفة","اكتب إسم الموظف",IF(J18="آجل","اكتب إسم المورد",IF(J18="نقدي","-","")))) | Z18: =H18
A19: =A18+1 -> 14 | H19: =IF(G19="","",F19*G19) | K19: =IF(J19="","",IF(J19="سلفة","اكتب إسم الموظف",IF(J19="آجل","اكتب إسم المورد",IF(J19="نقدي","-","")))) | Z19: =H19
A20: =A19+1 -> 15 | H20: =IF(G20="","",F20*G20) | K20: =IF(J20="","",IF(J20="سلفة","اكتب إسم الموظف",IF(J20="آجل","اكتب إسم المورد",IF(J20="نقدي","-","")))) | Z20: =H20
A21: =A20+1 -> 16 | H21: =IF(G21="","",F21*G21) | K21: =IF(J21="","",IF(J21="سلفة","اكتب إسم الموظف",IF(J21="آجل","اكتب إسم المورد",IF(J21="نقدي","-","")))) | Z21: =H21
A22: =A21+1 -> 17 | H22: =IF(G22="","",F22*G22) | K22: =IF(J22="","",IF(J22="سلفة","اكتب إسم الموظف",IF(J22="آجل","اكتب إسم المورد",IF(J22="نقدي","-","")))) | Z22: =H22
A23: =A22+1 -> 18 | H23: =IF(G23="","",F23*G23) | K23: =IF(J23="","",IF(J23="سلفة","اكتب إسم الموظف",IF(J23="آجل","اكتب إسم المورد",IF(J23="نقدي","-","")))) | Z23: =H23
A24: =A23+1 -> 19 | H24: =IF(G24="","",F24*G24) | K24: =IF(J24="","",IF(J24="سلفة","اكتب إسم الموظف",IF(J24="آجل","اكتب إسم المورد",IF(J24="نقدي","-","")))) | Z24: =H24
... A200: =A199+1 -> 195 | H200: =IF(G200="","",F200*G200) | K200: =IF(J200="","",IF(J200="سلفة","اكتب إسم الموظف",IF(J200="آجل","اكتب إسم المورد",IF(J200="نقدي","-","")))) | Z200: =H200
B201: x | C201: x | D201: x | E201: x | F201: x | G201: x | H201: x | I201: x | J201: x | K201: =IF(J201="","",IF(J201="سلفة","اكتب إسم الموظف",IF(J201="آجل","اكتب إسم المورد",IF(J201="نقدي","-","")))) | L201: x | M201: x | N201: x | O201: x | P201: x | Q201: x | R201: x | S201: x | T201: x | U201: x | V201: x | W201: x | X201: x | Y201: x | Z201: x

Sheet الإدارية
B5: الشرح | D5: التاريخ | F5: المبلغ | H5: طريقة الدفع | I5: المورد / الموظف
A6: 1 | B6: رواتب شهر ٣ | D6: 45383 | F6: 4000 | H6: نقدي | I6: =IF(H6="","",IF(H6="سلفة","اكتب إسم الموظف",IF(H6="نقدي","-",""))) -> - | N6: =F6 -> 4000 | X6: =F6 -> 4000
A7: =A6+1 -> 2 | B7: فيول | D7: 45384 | F7: 25 | H7: سلفة | I7: منير | N7: =F7 -> 25 | X7: =F7 -> 25
A8: =A7+1 -> 3 | H8: سلفة | I8: =IF(H8="","",IF(H8="سلفة","اكتب إسم الموظف",IF(H8="نقدي","-",""))) -> اكتب إسم الموظف | N8: =F8 -> 0 | X8: =F8 -> 0
A9: =A8+1 -> 4 | I9: =IF(H9="","",IF(H9="سلفة","اكتب إسم الموظف",IF(H9="نقدي","-",""))) | N9: =F9 -> 0 | X9: =F9 -> 0
A10: =A9+1 -> 5 | I10: =IF(H10="","",IF(H10="سلفة","اكتب إسم الموظف",IF(H10="نقدي","-",""))) | N10: =F10 -> 0 | X10: =F10 -> 0
A11: =A10+1 -> 6 | I11: =IF(H11="","",IF(H11="سلفة","اكتب إسم الموظف",IF(H11="نقدي","-",""))) | N11: =F11 -> 0 | X11: =F11 -> 0
A12: =A11+1 -> 7 | I12: =IF(H12="","",IF(H12="سلفة","اكتب إسم الموظف",IF(H12="نقدي","-",""))) | N12: =F12 -> 0 | X12: =F12 -> 0
A13: =A12+1 -> 8 | I13: =IF(H13="","",IF(H13="سلفة","اكتب إسم الموظف",IF(H13="نقدي","-",""))) | N13: =F13 -> 0 | X13: =F13 -> 0
A14: =A13+1 -> 9 | I14: =IF(H14="","",IF(H14="سلفة","اكتب إسم الموظف",IF(H14="نقدي","-",""))) | N14: =F14 -> 0 | X14: =F14 -> 0
A15: =A14+1 -> 10 | I15: =IF(H15="","",IF(H15="سلفة","اكتب إسم الموظف",IF(H15="نقدي","-",""))) | N15: =F15 -> 0 | X15: =F15 -> 0
A16: =A15+1 -> 11 | I16: =IF(H16="","",IF(H16="سلفة","اكتب إسم الموظف",IF(H16="نقدي","-",""))) | N16: =F16 -> 0 | X16: =F16 -> 0
A17: =A16+1 -> 12 | I17: =IF(H17="","",IF(H17="سلفة","اكتب إسم الموظف",IF(H17="نقدي","-",""))) | N17: =F17 -> 0 | X17: =F17 -> 0
A18: =A17+1 -> 13 | I18: =IF(H18="","",IF(H18="سلفة","اكتب إسم الموظف",IF(H18="نقدي","-",""))) | N18: =F18 -> 0 | X18: =F18 -> 0
A19: =A18+1 -> 14 | I19: =IF(H19="","",IF(H19="سلفة","اكتب إسم الموظف",IF(H19="نقدي","-",""))) | N19: =F19 -> 0 | X19: =F19 -> 0
A20: =A19+1 -> 15 | I20: =IF(H20="","",IF(H20="سلفة","اكتب إسم الموظف",IF(H20="نقدي","-",""))) | N20: =F20 -> 0 | X20: =F20 -> 0
... A200: =A199+1 -> 195 | I200: =IF(H200="","",IF(H200="سلفة","اكتب إسم الموظف",IF(H200="نقدي","-",""))) | N200: =F200 -> 0 | X200: =F200 -> 0
B201: x | C201: x | D201: x | E201: x | F201: x | G201: x | H201: x | I201: x | J201: x | K201: x | L201: x | M201: x | N201: x | O201: x | P201: x | Q201: x | R201: x | S201: x | T201: x | U201: x | V201: x | W201: x | X201: x

Sheet تسديد
B6: اسم المورد | D6: المبلغ المدفوع | F6: التاريخ | H6: طريقة الدفع | I6: ملاحظات
A7: =A6+1 -> 1 | B7: أبو بكر للتوريدات | D7: 1000 | F7: 45352 | H7: نقدي
A8: =A7+1 -> 2 | B8: محل السلام - الشارقة | D8: 200 | F8: 45901 | H8: شيك
A9: =A8+1 -> 3
A10: =A9+1 -> 4
A11: =A10+1 -> 5
A12: =A11+1 -> 6
A13: =A12+1 -> 7
A14: =A13+1 -> 8
A15: =A14+1 -> 9
A16: =A15+1 -> 10
A17: =A16+1 -> 11
A18: =A17+1 -> 12
A19: =A18+1 -> 13
A20: =A19+1 -> 14
... A54: =A53+1 -> 48
B55: x | D55: x | F55: x | H55: x | I55: x

Sheet تحصيل
B5: المشروع | C5: المبلغ | E5: التاريخ | G5: طريقة القبض | H5: ملاحظات
A6: 1 | B6: كراج أبو فلان - كاميرات | C6: 800 | E6: 45748 | G6: نقدي
A7: =A6+1 -> 2 | B7: النور - فرع 1 | C7: 500 | E7: 45811 | G7: شيك
A8: =A7+1 -> 3 | B8: مطعم الصفدي - كاميرات
A9: =A8+1 -> 4
A10: =A9+1 -> 5
A11: =A10+1 -> 6
A12: =A11+1 -> 7
A13: =A12+1 -> 8
A14: =A13+1 -> 9
A15: =A14+1 -> 10
A16: =A15+1 -> 11
A17: =A16+1 -> 12
A18: =A17+1 -> 13
A19: =A18+1 -> 14
A20: =A19+1 -> 15
... A200: =A199+1 -> 195
B201: x | C201: x | D201: x | E201: x | F201: x | G201: x | H201: x

Sheet Receivables-المستحقات
J1: المبالغ المستحقة: | K1: =SUM(D5:D50) -> 53300 | M1: إجمالي المستحقات على الزبائن
J3: المقبوض: | K3: =SUM(F5:F50) -> 1300 | M3: =K1-K3 -> 52000
B4: المشروع | D4: المستحقات | F4: المقبوض | H4: الباقي
B5: =IF(تسجيل!B6="","",تسجيل!B6) -> كراج أبو فلان - كاميرات | D5: =IFERROR(VLOOKUP(B5,تسجيل!B:D,3,0),0) -> 5000 | F5: =IFERROR(IF(B5="","",SUMIF(تحصيل!$B:$C,'Receivables-المستحقات'!$B5,تحصيل!$C:$C)),0) -> 800 | H5: =IFERROR(D5-F5,0) -> 4200
B6: =IF(تسجيل!B7="","",تسجيل!B7) -> مطعم الصفدي - كاميرات | D6: =IFERROR(VLOOKUP(B6,تسجيل!B:D,3,0),0) -> 12000 | F6: =IFERROR(IF(B6="","",SUMIF(تحصيل!$B:$C,'Receivables-المستحقات'!$B6,تحصيل!$C:$C)),0) -> 0 | H6: =IFERROR(D6-F6,0) -> 12000
B7: =IF(تسجيل!B8="","",تسجيل!B8) -> المركز الطبي | D7: =IFERROR(VLOOKUP(B7,تسجيل!B:D,3,0),0) -> 3500 | F7: =IFERROR(IF(B7="","",SUMIF(تحصيل!$B:$C,'Receivables-المستحقات'!$B7,تحصيل!$C:$C)),0) -> 0 | H7: =IFERROR(D7-F7,0) -> 3500
B8: =IF(تسجيل!B9="","",تسجيل!B9) -> بناية النهضة | D8: =IFERROR(VLOOKUP(B8,تسجيل!B:D,3,0),0) -> 1200 | F8: =IFERROR(IF(B8="","",SUMIF(تحصيل!$B:$C,'Receivables-المستحقات'!$B8,تحصيل!$C:$C)),0) -> 0 | H8: =IFERROR(D8-F8,0) -> 1200
B9: =IF(تسجيل!B10="","",تسجيل!B10) -> النور - فرع 1 | D9: =IFERROR(VLOOKUP(B9,تسجيل!B:D,3,0),0) -> 4000 | F9: =IFERROR(IF(B9="","",SUMIF(تحصيل!$B:$C,'Receivables-المستحقات'!$B9,تحصيل!$C:$C)),0) -> 500 | H9: =IFERROR(D9-F9,0) -> 3500
B10: =IF(تسجيل!B11="","",تسجيل!B11) -> النور - فرع 2 | D10: =IFERROR(VLOOKUP(B10,تسجيل!B:D,3,0),0) -> 2500 | F10: =IFERROR(IF(B10="","",SUMIF(تحصيل!$B:$C,'Receivables-المستحقات'!$B10,تحصيل!$C:$C)),0) -> 0 | H10: =IFERROR(D10-F10,0) -> 2500
B11: =IF(تسجيل!B12="","",تسجيل!B12) -> فيلا أبو فلان - العين | D11: =IFERROR(VLOOKUP(B11,تسجيل!B:D,3,0),0) -> 8000 | F11: =IFERROR(IF(B11="","",SUMIF(تحصيل!$B:$C,'Receivables-المستحقات'!$B11,تحصيل!$C:$C)),0) -> 0 | H11: =IFERROR(D11-F11,0) -> 8000
B12: =IF(تسجيل!B13="","",تسجيل!B13) -> كراج س - صناعية العين | D12: =IFERROR(VLOOKUP(B12,تسجيل!B:D,3,0),0) -> 4300 | F12: =IFERROR(IF(B12="","",SUMIF(تحصيل!$B:$C,'Receivables-المستحقات'!$B12,تحصيل!$C:$C)),0) -> 0 | H12: =IFERROR(D12-F12,0) -> 4300
B13: =IF(تسجيل!B14="","",تسجيل!B14) -> تجديد فيلا الآنسة ميمي | D13: =IFERROR(VLOOKUP(B13,تسجيل!B:D,3,0),0) -> 12000 | F13: =IFERROR(IF(B13="","",SUMIF(تحصيل!$B:$C,'Receivables-المستحقات'!$B13,تحصيل!$C:$C)),0) -> 0 | H13: =IFERROR(D13-F13,0) -> 12000
B14: =IF(تسجيل!B15="","",تسجيل!B15) -> كراج س - صناعية العين - تركيب أبواب جديدة | D14: =IFERROR(VLOOKUP(B14,تسجيل!B:D,3,0),0) -> 800 | F14: =IFERROR(IF(B14="","",SUMIF(تحصيل!$B:$C,'Receivables-المستحقات'!$B14,تحصيل!$C:$C)),0) -> 0 | H14: =IFERROR(D14-F14,0) -> 800
B15: =IF(تسجيل!B16="","",تسجيل!B16) | D15: =IFERROR(VLOOKUP(B15,تسجيل!B:D,3,0),0) -> 0 | F15: =IFERROR(IF(B15="","",SUMIF(تحصيل!$B:$C,'Receivables-المستحقات'!$B15,تحصيل!$C:$C)),0) | H15: =IFERROR(D15-F15,0) -> 0
B16: =IF(تسجيل!B17="","",تسجيل!B17) | D16: =IFERROR(VLOOKUP(B16,تسجيل!B:D,3,0),0) -> 0 | F16: =IFERROR(IF(B16="","",SUMIF(تحصيل!$B:$C,'Receivables-المستحقات'!$B16,تحصيل!$C:$C)),0) | H16: =IFERROR(D16-F16,0) -> 0
... B50: =IF(تسجيل!B51="","",تسجيل!B51) | D50: =IFERROR(VLOOKUP(B50,تسجيل!B:D,3,0),0) -> 0 | F50: =IFERROR(IF(B50="","",SUMIF(تحصيل!$B:$C,'Receivables-المستحقات'!$B50,تحصيل!$C:$C)),0) | H50: =IFERROR(D50-F50,0) -> 0
B51: x | C51: x | D51: =IFERROR(VLOOKUP(B51,تسجيل!B:D,3,0),0) -> X | E51: x | F51: x | G51: x | H51: x

Sheet الإلتزامات-Liabilities
J1: الإلتزامات: | K1: =SUM(D5:D56) -> 2800 | M1: الإلتزامات تجاه الموردين
J3: المدفوع: | K3: =SUM(F5:F56) -> 1200 | M3: =K1-K3 -> 1600
B4: اسم المورد | D4: الإلتزامات | F4: المدفوع | H4: الباقي
B5: =IF(تسجيل!J5="","",تسجيل!J5) -> محل النهضة - نايف | D5: =IF($B5="","",SUMIFS('المصاريف-Expenses'!$Z:$Z,'المصاريف-Expenses'!$K:$K,'الإلتزامات-Liabilities'!B5,'المصاريف-Expenses'!$J:$J,"آجل")) -> 0 | F5: =IFERROR(IF($B5="","",SUMIF(تسديد!$B:$D,'الإلتزامات-Liabilities'!$B5,تسديد!$D:$D)),0) -> 0 | H5: =IF(B5="","",D5-F5) -> 0
B6: =IF(تسجيل!J6="","",تسجيل!J6) -> محل السلام - الشارقة | D6: =IF($B6="","",SUMIFS('المصاريف-Expenses'!$Z:$Z,'المصاريف-Expenses'!$K:$K,'الإلتزامات-Liabilities'!B6,'المصاريف-Expenses'!$J:$J,"آجل")) -> 800 | F6: =IFERROR(IF($B6="","",SUMIF(تسديد!$B:$D,'الإلتزامات-Liabilities'!$B6,تسديد!$D:$D)),0) -> 200 | H6: =IF(B6="","",D6-F6) -> 600
B7: =IF(تسجيل!J7="","",تسجيل!J7) -> كهربائيات العتمة | D7: =IF($B7="","",SUMIFS('المصاريف-Expenses'!$Z:$Z,'المصاريف-Expenses'!$K:$K,'الإلتزامات-Liabilities'!B7,'المصاريف-Expenses'!$J:$J,"آجل")) -> 0 | F7: =IFERROR(IF($B7="","",SUMIF(تسديد!$B:$D,'الإلتزامات-Liabilities'!$B7,تسديد!$D:$D)),0) -> 0 | H7: =IF(B7="","",D7-F7) -> 0
B8: =IF(تسجيل!J8="","",تسجيل!J8) -> أبو بكر للتوريدات | D8: =IF($B8="","",SUMIFS('المصاريف-Expenses'!$Z:$Z,'المصاريف-Expenses'!$K:$K,'الإلتزامات-Liabilities'!B8,'المصاريف-Expenses'!$J:$J,"آجل")) -> 2000 | F8: =IFERROR(IF($B8="","",SUMIF(تسديد!$B:$D,'الإلتزامات-Liabilities'!$B8,تسديد!$D:$D)),0) -> 1000 | H8: =IF(B8="","",D8-F8) -> 1000
B9: =IF(تسجيل!J9="","",تسجيل!J9) | D9: =IF($B9="","",SUMIFS('المصاريف-Expenses'!$Z:$Z,'المصاريف-Expenses'!$K:$K,'الإلتزامات-Liabilities'!B9,'المصاريف-Expenses'!$J:$J,"آجل")) | F9: =IFERROR(IF($B9="","",SUMIF(تسديد!$B:$D,'الإلتزامات-Liabilities'!$B9,تسديد!$D:$D)),0) | H9: =IF(B9="","",D9-F9)
B10: =IF(تسجيل!J10="","",تسجيل!J10) | D10: =IF($B10="","",SUMIFS('المصاريف-Expenses'!$Z:$Z,'المصاريف-Expenses'!$K:$K,'الإلتزامات-Liabilities'!B10,'المصاريف-Expenses'!$J:$J,"آجل")) | F10: =IFERROR(IF($B10="","",SUMIF(تسديد!$B:$D,'الإلتزامات-Liabilities'!$B10,تسديد!$D:$D)),0) | H10: =IF(B10="","",D10-F10)
B11: =IF(تسجيل!J11="","",تسجيل!J11) | D11: =IF($B11="","",SUMIFS('المصاريف-Expenses'!$Z:$Z,'المصاريف-Expenses'!$K:$K,'الإلتزامات-Liabilities'!B11,'المصاريف-Expenses'!$J:$J,"آجل")) | F11: =IFERROR(IF($B11="","",SUMIF(تسديد!$B:$D,'الإلتزامات-Liabilities'!$B11,تسديد!$D:$D)),0) | H11: =IF(B11="","",D11-F11)
B12: =IF(تسجيل!J12="","",تسجيل!J12) | D12: =IF($B12="","",SUMIFS('المصاريف-Expenses'!$Z:$Z,'المصاريف-Expenses'!$K:$K,'الإلتزامات-Liabilities'!B12,'المصاريف-Expenses'!$J:$J,"آجل")) | F12: =IFERROR(IF($B12="","",SUMIF(تسديد!$B:$D,'الإلتزامات-Liabilities'!$B12,تسديد!$D:$D)),0) | H12: =IF(B12="","",D12-F12)
B13: =IF(تسجيل!J13="","",تسجيل!J13) | D13: =IF($B13="","",SUMIFS('المصاريف-Expenses'!$Z:$Z,'المصاريف-Expenses'!$K:$K,'الإلتزامات-Liabilities'!B13,'المصاريف-Expenses'!$J:$J,"آجل")) | F13: =IFERROR(IF($B13="","",SUMIF(تسديد!$B:$D,'الإلتزامات-Liabilities'!$B13,تسديد!$D:$D)),0) | H13: =IF(B13="","",D13-F13)
B14: =IF(تسجيل!J14="","",تسجيل!J14) | D14: =IF($B14="","",SUMIFS('المصاريف-Expenses'!$Z:$Z,'المصاريف-Expenses'!$K:$K,'الإلتزامات-Liabilities'!B14,'المصاريف-Expenses'!$J:$J,"آجل")) | F14: =IFERROR(IF($B14="","",SUMIF(تسديد!$B:$D,'الإلتزامات-Liabilities'!$B14,تسديد!$D:$D)),0) | H14: =IF(B14="","",D14-F14)
B15: =IF(تسجيل!J15="","",تسجيل!J15) | D15: =IF($B15="","",SUMIFS('المصاريف-Expenses'!$Z:$Z,'المصاريف-Expenses'!$K:$K,'الإلتزامات-Liabilities'!B15,'المصاريف-Expenses'!$J:$J,"آجل")) | F15: =IFERROR(IF($B15="","",SUMIF(تسديد!$B:$D,'الإلتزامات-Liabilities'!$B15,تسديد!$D:$D)),0) | H15: =IF(B15="","",D15-F15)
B16: =IF(تسجيل!J16="","",تسجيل!J16) | D16: =IF($B16="","",SUMIFS('المصاريف-Expenses'!$Z:$Z,'المصاريف-Expenses'!$K:$K,'الإلتزامات-Liabilities'!B16,'المصاريف-Expenses'!$J:$J,"آجل")) | F16: =IFERROR(IF($B16="","",SUMIF(تسديد!$B:$D,'الإلتزامات-Liabilities'!$B16,تسديد!$D:$D)),0) | H16: =IF(B16="","",D16-F16)
... B20: =IF(تسجيل!J20="","",تسجيل!J20) | D20: =IF($B20="","",SUMIFS('المصاريف-Expenses'!$Z:$Z,'المصاريف-Expenses'!$K:$K,'الإلتزامات-Liabilities'!B20,'المصاريف-Expenses'!$J:$J,"آجل")) | F20: =IFERROR(IF($B20="","",SUMIF(تسديد!$B:$D,'الإلتزامات-Liabilities'!$B20,تسديد!$D:$D)),0) | H20: =IF(B20="","",D20-F20)

Sheet Advances-السلف
B5: =تسجيل!H5 -> منير | D5: =تسجيل!H6 -> محمد | F5: =تسجيل!H7 -> ناجي | H5: =تسجيل!H8 -> وسيم | J5: المجموع
A6: الرصيد الحالي | B6: =SUMIF($B$10:$D$54,B5,D10:$D$54)-SUMIF('المصاريف-Expenses'!$K:$Z,'Advances-السلف'!B5,'المصاريف-Expenses'!$Z:$Z)-SUMIF(الإدارية!$I:$N,'Advances-السلف'!B5,الإدارية!$N:$N) -> 675 | D6: =SUMIF($B$10:$D$54,D5,$D10:F$54)-SUMIF('المصاريف-Expenses'!$K:$Z,'Advances-السلف'!D5,'المصاريف-Expenses'!$Z:$Z)-SUMIF(الإدارية!$I:$N,'Advances-السلف'!D5,الإدارية!$N:$N) -> 0 | F6: =SUMIF($B$10:$D$54,F5,$D10:H$54)-SUMIF('المصاريف-Expenses'!$K:$Z,'Advances-السلف'!F5,'المصاريف-Expenses'!$Z:$Z)-SUMIF(الإدارية!$I:$N,'Advances-السلف'!F5,الإدارية!$N:$N) -> 0 | H6: =SUMIF($B$10:$D$54,H5,$D10:K$54)-SUMIF('المصاريف-Expenses'!$K:$Z,'Advances-السلف'!H5,'المصاريف-Expenses'!$Z:$Z)-SUMIF(الإدارية!$I:$N,'Advances-السلف'!H5,الإدارية!$N:$N) -> 0 | J6: =SUM(B6:H6) -> 675
A8: تسجيل السلف الجديدة
B9: اسم الموظف | D9: المبلغ المدفوع | F9: التاريخ | H9: طريقة الدفع | J9: ملاحظات
B10: محمد | D10: 1000 | F10: 45292 | H10: نقدي | J10: مشروع النور
B11: منير | D11: 500 | F11: 45324 | H11: نقدي
B12: منير | D12: 200 | F12: 45355 | H12: نقدي
B13: محمد | D13: -950 | F13: 45840 | J13: إغلاق السلفة
B55: x | C55: x | D55: x | E55: x | F55: x | G55: x | H55: x | I55: x | J55: x | K55: x

Sheet المشاريع-Projects
N2: إيرادات الأعمال: | O2: =SUM(F8:F104) -> 53300 | Q2: نتيجة الأعمال
N4: المصاريف المباشرة: | O4: =SUM(D8:D104) -> 5750
B6: المشاريع - Projects | D6: المصاريف | F6: الإيرادات | H6: نتيجة المشاريع | J6: المستحقات | L6: حالة المشروع | N6: المصاريف الإدارية: | O6: =SUM(الإدارية!F6:F200) -> 4025 | Q6: =O2-O4-O6 -> 43525
B7: =IF(تسجيل!B5="","",تسجيل!B5) | D7: المستحقة والمدفوعة | F7: المستحقة والمقبوضة | H7: (ربح - خسارة) | J7: المبالغ السمتحقة غير المقبوضة
B8: =IF(تسجيل!B6="","",تسجيل!B6) -> كراج أبو فلان - كاميرات | D8: =IF(B8="","",SUMIF('المصاريف-Expenses'!$C:$H,'المشاريع-Projects'!$B8,'المصاريف-Expenses'!$H:$H)) -> 500 | F8: =IF(B8="","",VLOOKUP(B8,تسجيل!$B:$D,3,0)) -> 5000 | H8: =IF(B8="","",F8-D8) -> 4500 | J8: =IF(B8="","",VLOOKUP(B8,'Receivables-المستحقات'!B:H,7,0)) -> 4200 | L8: =IFERROR(VLOOKUP(B8,تسجيل!B:F,5,0),"") -> Done | S8: =IF(SUM('المصاريف-Expenses'!H6:H201)-SUM(D7:D104)=0,"-","ERROR") -> -
B9: =IF(تسجيل!B7="","",تسجيل!B7) -> مطعم الصفدي - كاميرات | D9: =IF(B9="","",SUMIF('المصاريف-Expenses'!$C:$H,'المشاريع-Projects'!$B9,'المصاريف-Expenses'!$H:$H)) -> 2800 | F9: =IF(B9="","",VLOOKUP(B9,تسجيل!$B:$D,3,0)) -> 12000 | H9: =IF(B9="","",F9-D9) -> 9200 | J9: =IF(B9="","",VLOOKUP(B9,'Receivables-المستحقات'!B:H,7,0)) -> 12000 | L9: =IFERROR(VLOOKUP(B9,تسجيل!B:F,5,0),"") -> مستمر
B10: =IF(تسجيل!B8="","",تسجيل!B8) -> المركز الطبي | D10: =IF(B10="","",SUMIF('المصاريف-Expenses'!$C:$H,'المشاريع-Projects'!$B10,'المصاريف-Expenses'!$H:$H)) -> 400 | F10: =IF(B10="","",VLOOKUP(B10,تسجيل!$B:$D,3,0)) -> 3500 | H10: =IF(B10="","",F10-D10) -> 3100 | J10: =IF(B10="","",VLOOKUP(B10,'Receivables-المستحقات'!B:H,7,0)) -> 3500 | L10: =IFERROR(VLOOKUP(B10,تسجيل!B:F,5,0),"") -> Done
B11: =IF(تسجيل!B9="","",تسجيل!B9) -> بناية النهضة | D11: =IF(B11="","",SUMIF('المصاريف-Expenses'!$C:$H,'المشاريع-Projects'!$B11,'المصاريف-Expenses'!$H:$H)) -> 0 | F11: =IF(B11="","",VLOOKUP(B11,تسجيل!$B:$D,3,0)) -> 1200 | H11: =IF(B11="","",F11-D11) -> 1200 | J11: =IF(B11="","",VLOOKUP(B11,'Receivables-المستحقات'!B:H,7,0)) -> 1200 | L11: =IFERROR(VLOOKUP(B11,تسجيل!B:F,5,0),"") -> مستمر
B12: =IF(تسجيل!B10="","",تسجيل!B10) -> النور - فرع 1 | D12: =IF(B12="","",SUMIF('المصاريف-Expenses'!$C:$H,'المشاريع-Projects'!$B12,'المصاريف-Expenses'!$H:$H)) -> 50 | F12: =IF(B12="","",VLOOKUP(B12,تسجيل!$B:$D,3,0)) -> 4000 | H12: =IF(B12="","",F12-D12) -> 3950 | J12: =IF(B12="","",VLOOKUP(B12,'Receivables-المستحقات'!B:H,7,0)) -> 3500 | L12: =IFERROR(VLOOKUP(B12,تسجيل!B:F,5,0),"") -> Done
B13: =IF(تسجيل!B11="","",تسجيل!B11) -> النور - فرع 2 | D13: =IF(B13="","",SUMIF('المصاريف-Expenses'!$C:$H,'المشاريع-Projects'!$B13,'المصاريف-Expenses'!$H:$H)) -> 0 | F13: =IF(B13="","",VLOOKUP(B13,تسجيل!$B:$D,3,0)) -> 2500 | H13: =IF(B13="","",F13-D13) -> 2500 | J13: =IF(B13="","",VLOOKUP(B13,'Receivables-المستحقات'!B:H,7,0)) -> 2500 | L13: =IFERROR(VLOOKUP(B13,تسجيل!B:F,5,0),"") -> مستمر
B14: =IF(تسجيل!B12="","",تسجيل!B12) -> فيلا أبو فلان - العين | D14: =IF(B14="","",SUMIF('المصاريف-Expenses'!$C:$H,'المشاريع-Projects'!$B14,'المصاريف-Expenses'!$H:$H)) -> 0 | F14: =IF(B14="","",VLOOKUP(B14,تسجيل!$B:$D,3,0)) -> 8000 | H14: =IF(B14="","",F14-D14) -> 8000 | J14: =IF(B14="","",VLOOKUP(B14,'Receivables-المستحقات'!B:H,7,0)) -> 8000 | L14: =IFERROR(VLOOKUP(B14,تسجيل!B:F,5,0),"") -> مستمر
B15: =IF(تسجيل!B13="","",تسجيل!B13) -> كراج س - صناعية العين | D15: =IF(B15="","",SUMIF('المصاريف-Expenses'!$C:$H,'المشاريع-Projects'!$B15,'المصاريف-Expenses'!$H:$H)) -> 0 | F15: =IF(B15="","",VLOOKUP(B15,تسجيل!$B:$D,3,0)) -> 4300 | H15: =IF(B15="","",F15-D15) -> 4300 | J15: =IF(B15="","",VLOOKUP(B15,'Receivables-المستحقات'!B:H,7,0)) -> 4300 | L15: =IFERROR(VLOOKUP(B15,تسجيل!B:F,5,0),"") -> Done
B16: =IF(تسجيل!B14="","",تسجيل!B14) -> تجديد فيلا الآنسة ميمي | D16: =IF(B16="","",SUMIF('المصاريف-Expenses'!$C:$H,'المشاريع-Projects'!$B16,'المصاريف-Expenses'!$H:$H)) -> 2000 | F16: =IF(B16="","",VLOOKUP(B16,تسجيل!$B:$D,3,0)) -> 12000 | H16: =IF(B16="","",F16-D16) -> 10000 | J16: =IF(B16="","",VLOOKUP(B16,'Receivables-المستحقات'!B:H,7,0)) -> 12000 | L16: =IFERROR(VLOOKUP(B16,تسجيل!B:F,5,0),"") -> مستمر
B17: =IF(تسجيل!B15="","",تسجيل!B15) -> كراج س - صناعية العين - تركيب أبواب جديدة | D17: =IF(B17="","",SUMIF('المصاريف-Expenses'!$C:$H,'المشاريع-Projects'!$B17,'المصاريف-Expenses'!$H:$H)) -> 0 | F17: =IF(B17="","",VLOOKUP(B17,تسجيل!$B:$D,3,0)) -> 800 | H17: =IF(B17="","",F17-D17) -> 800 | J17: =IF(B17="","",VLOOKUP(B17,'Receivables-المستحقات'!B:H,7,0)) -> 800 | L17: =IFERROR(VLOOKUP(B17,تسجيل!B:F,5,0),"") -> مستمر
B18: =IF(تسجيل!B16="","",تسجيل!B16) | D18: =IF(B18="","",SUMIF('المصاريف-Expenses'!$C:$H,'المشاريع-Projects'!$B18,'المصاريف-Expenses'!$H:$H)) | F18: =IF(B18="","",VLOOKUP(B18,تسجيل!$B:$D,3,0)) | H18: =IF(B18="","",F18-D18) | J18: =IF(B18="","",VLOOKUP(B18,'Receivables-المستحقات'!B:H,7,0)) | L18: =IFERROR(VLOOKUP(B18,تسجيل!B:F,5,0),"")
B19: =IF(تسجيل!B17="","",تسجيل!B17) | D19: =IF(B19="","",SUMIF('المصاريف-Expenses'!$C:$H,'المشاريع-Projects'!$B19,'المصاريف-Expenses'!$H:$H)) | F19: =IF(B19="","",VLOOKUP(B19,تسجيل!$B:$D,3,0)) | H19: =IF(B19="","",F19-D19) | J19: =IF(B19="","",VLOOKUP(B19,'Receivables-المستحقات'!B:H,7,0)) | L19: =IFERROR(VLOOKUP(B19,تسجيل!B:F,5,0),"")
B20: =IF(تسجيل!B18="","",تسجيل!B18) | D20: =IF(B20="","",SUMIF('المصاريف-Expenses'!$C:$H,'المشاريع-Projects'!$B20,'المصاريف-Expenses'!$H:$H)) | F20: =IF(B20="","",VLOOKUP(B20,تسجيل!$B:$D,3,0)) | H20: =IF(B20="","",F20-D20) | J20: =IF(B20="","",VLOOKUP(B20,'Receivables-المستحقات'!B:H,7,0)) | L20: =IFERROR(VLOOKUP(B20,تسجيل!B:F,5,0),"")
... B101: =IF(تسجيل!B99="","",تسجيل!B99) | D101: =IF(B101="","",SUMIF('المصاريف-Expenses'!$C:$H,'المشاريع-Projects'!$B101,'المصاريف-Expenses'!$H:$H)) | F101: =IF(B101="","",VLOOKUP(B101,تسجيل!$B:$D,3,0)) | H101: =IF(B101="","",F101-D101) | J101: =IF(B101="","",VLOOKUP(B101,'Receivables-المستحقات'!B:H,7,0)) | L101: =IFERROR(VLOOKUP(B101,تسجيل!B:F,5,0),"")
B102: =IF(تسجيل!B103="","",تسجيل!B103) | D102: =IF(B102="","",SUMIF('المصاريف-Expenses'!$C:$H,'المشاريع-Projects'!$B102,'المصاريف-Expenses'!$H:$H)) | F102: =IF(B102="","",VLOOKUP(B102,تسجيل!$B:$D,3,0)) | H102: =IF(B102="","",F102-D102) | J102: =IF(B102="","",VLOOKUP(B102,'Receivables-المستحقات'!B:H,7,0)) | L102: =IFERROR(VLOOKUP(B102,تسجيل!B:F,5,0),"")
B103: =IF(تسجيل!B104="","",تسجيل!B104) | D103: =IF(B103="","",SUMIF('المصاريف-Expenses'!$C:$H,'المشاريع-Projects'!$B103,'المصاريف-Expenses'!$H:$H)) | F103: =IF(B103="","",VLOOKUP(B103,تسجيل!$B:$D,3,0)) | H103: =IF(B103="","",F103-D103) | J103: =IF(B103="","",VLOOKUP(B103,'Receivables-المستحقات'!B:H,7,0)) | L103: =IFERROR(VLOOKUP(B103,تسجيل!B:F,5,0),"")
B104: =IF(تسجيل!B105="","",تسجيل!B105) | D104: =IF(B104="","",SUMIF('المصاريف-Expenses'!$C:$H,'المشاريع-Projects'!$B104,'المصاريف-Expenses'!$H:$H)) | F104: =IF(B104="","",VLOOKUP(B104,تسجيل!$B:$D,3,0)) | H104: =IF(B104="","",F104-D104) | J104: =IF(B104="","",VLOOKUP(B104,'Receivables-المستحقات'!B:H,7,0)) | L104: =IFERROR(VLOOKUP(B104,تسجيل!B:F,5,0),"")
B105: x | C105: x | D105: x | E105: x | F105: x | G105: x | H105: x | I105: x | J105: x

Sheet التقرير
C5: =TODAY() -> 45910
C7: قيمة المشاريع: | D7: =+'المشاريع-Projects'!O2 -> 53300 | F7: نتيجة الأعمال
C8: المصاريف المباشرة: | D8: =+'المشاريع-Projects'!O4 -> 5750 | F8: =D7-D8-D9 -> 43525
C9: المصاريف الإدارية: | D9: =+'المشاريع-Projects'!O6 -> 4025 | M9: =+F8-'المشاريع-Projects'!Q6 -> 0
M10: =+#REF!-'Receivables-المستحقات'!M3 -> #REF!
C11: المبالغ المستحقة على الزبائن | D11: ='Receivables-المستحقات'!M3 -> 52000 | F11: عدد المشاريع | G11: =COUNTA(تسجيل!B6:B105) -> 10 | M11: =#REF!-'الإلتزامات-Liabilities'!M3 -> #REF!
F12: المشاريع قيد التنفيذ | G12: =COUNTIF(تسجيل!$F$6:$F$105,"مستمر") -> 6 | M12: =F24-'Advances-السلف'!J6 -> 0
C13: الإلتزامات تجاه الموردين | D13: ='الإلتزامات-Liabilities'!M3 -> 1600 | F13: المشاريع المنتهية | G13: =COUNTIF(تسجيل!$F$6:$F$105,"Done") -> 4
C16: رصيد الصندوق Cash | D16: =الصندوق!F3 -> 300
C17: رصيد البنك | D17: =البنك!F3 -> 7850
C21: سلف الموظفين
C22: =IF(تسجيل!H5="","",تسجيل!H5) -> منير | D22: =IFERROR(HLOOKUP(C22,'Advances-السلف'!$B$5:$H$6,2,0),0) -> 675 | F22: السلف المتبقية مع الموظفين
C23: =IF(تسجيل!H6="","",تسجيل!H6) -> محمد | D23: =IFERROR(HLOOKUP(C23,'Advances-السلف'!$B$5:$H$6,2,0),0) -> 0
C24: =IF(تسجيل!H7="","",تسجيل!H7) -> ناجي | D24: =IFERROR(HLOOKUP(C24,'Advances-السلف'!$B$5:$H$6,2,0),0) -> 0 | F24: =SUM(D22:D25) -> 675
C25: =IF(تسجيل!H8="","",تسجيل!H8) -> وسيم | D25: =IFERROR(HLOOKUP(C25,'Advances-السلف'!$B$5:$H$6,2,0),0) -> 0
C26: =IF(تسجيل!H9="","",تسجيل!H9)

Sheet الصندوق
F2: الرصيد الحالي
F3: =D6+SUM(F9:F203)-SUM(G9:G203) -> 300
B6: الرصيد الإفتتاحي | D6: 200
B8: التاريخ | D8: الشرح | F8: المقبوض + | G8: المدفوع -
B9: 45870 | D9: دفعة مقدمة من كراج أبو فلان - كاميرات | F9: 800 | I9: =IF(OR(G9="",F9=""),"","Error")
B10: 45872 | D10: دفعة مقدمة من كراج أبو فلان - كاميرات | F10: 500 | I10: =IF(OR(G10="",F10=""),"","Error")
B11: 45884 | D11: تسديد دفعة ل أبو بكر للتوريدات | G11: 1000 | I11: =IF(OR(G11="",F11=""),"","Error")
B12: 45889 | D12: تسديد دفعة لمحل السلام | G12: 200 | I12: =IF(OR(G12="",F12=""),"","Error")
I13: =IF(OR(G13="",F13=""),"","Error")
I14: =IF(OR(G14="",F14=""),"","Error")
I15: =IF(OR(G15="",F15=""),"","Error")
I16: =IF(OR(G16="",F16=""),"","Error")
I17: =IF(OR(G17="",F17=""),"","Error")
I18: =IF(OR(G18="",F18=""),"","Error")
I19: =IF(OR(G19="",F19=""),"","Error")
I20: =IF(OR(G20="",F20=""),"","Error")
I21: =IF(OR(G21="",F21=""),"","Error")
I22: =IF(OR(G22="",F22=""),"","Error")
I23: =IF(OR(G23="",F23=""),"","Error")
I24: =IF(OR(G24="",F24=""),"","Error")
... I203: =IF(OR(G203="",F203=""),"","Error")
B204: x | C204: x | D204: x | E204: x | F204: x | G204: x | H204: x

Sheet البنك
F2: الرصيد الحالي
F3: =D6+SUM(F9:F203)-SUM(G9:G203) -> 7850
B6: رصيد البنك الإفتتاحي | D6: 5000
B8: التاريخ | D8: الشرح | F8: المقبوض + | G8: المدفوع -
B9: 45901 | D9: دفعة مقدمة من الآنسة ميمي | F9: 3000 | I9: =IF(OR(G9="",F9=""),"","Error")
B10: 45902 | D10: رسوم البنك | G10: 150 | I10: =IF(OR(G10="",F10=""),"","Error")
I11: =IF(OR(G11="",F11=""),"","Error")
I12: =IF(OR(G12="",F12=""),"","Error")
I13: =IF(OR(G13="",F13=""),"","Error")
I14: =IF(OR(G14="",F14=""),"","Error")
I15: =IF(OR(G15="",F15=""),"","Error")
I16: =IF(OR(G16="",F16=""),"","Error")
I17: =IF(OR(G17="",F17=""),"","Error")
I18: =IF(OR(G18="",F18=""),"","Error")
I19: =IF(OR(G19="",F19=""),"","Error")
I20: =IF(OR(G20="",F20=""),"","Error")
I21: =IF(OR(G21="",F21=""),"","Error")
I22: =IF(OR(G22="",F22=""),"","Error")
... I203: =IF(OR(G203="",F203=""),"","Error")
B204: x | C204: x | D204: x | E204: x | F204: x | G204: x | H204: x
